 Dungeon Crawl Stone Soup version 0.26-a0-163-g6c8a0bf695 (webtiles) character file.

Game seed: 14668744475727057547

7 Gargoyl the Skirmisher (level 1, -4/15 HPs)
             Began as a Centaur Abyssal Knight on July 3, 2020.
             Was a Follower of Lugonu.
             Slain by a small abomination (6 damage)
             ... on level 3 of the Abyss.
             The game lasted 00:01:09 (366 turns).

Gargoyl the Skirmisher (Centaur Abyssal Knight)      Turns: 366, Time: 00:01:10

Health: -4/15      AC:  6    Str: 13 (14) XL:     1   Next: 83%
Magic:  2/2        EV:  6    Int: 11      God:    Lugonu [*.....]
Gold:   73         SH:  0    Dex:  7 (8)  Spells: 0/0 levels left

rFire    . . .     SeeInvis .   a - +1 hand axe
rCold    . . .     Faith    .   (no shield)
rNeg     . . .     Spirit   .   g - +0 scale mail
rPois    .         Reflect  .   (no helmet)
rElec    .         Harm     .   (no cloak)
rCorr    .                      (no gloves)
MR       .....                  (no barding)
Stlth    ..........             (no amulet)
HPRegen  0.05/turn              (no ring)
MPRegen  0.08/turn              (no ring)

@: very quick
A: large, hooves 3, deformed body, [deterioration 2], speed 2, [frail 2], tough
skin 3
a: Depart the Abyss, Renounce Religion


You were on level 3 of the Abyss.
You worshipped Lugonu.
Lugonu was aware of your devotion.
You were not hungry.

You visited 0 branches of the dungeon, and saw 0 of its levels.
You visited the Abyss 1 time.

You collected 73 gold pieces.

Inventory:

Hand Weapons
 a - a +1 hand axe (weapon)
Armour
 g - a +0 scale mail (worn)
Scrolls
 d - a scroll of identify {unknown}
 f - a scroll of blinking {unknown}
Potions
 e - a potion of berserk rage {unknown}
Comestibles
 c - a ration


   Skills:
 + Level 3.2 Fighting
 + Level 1.8 Axes
 + Level 1.5 Armour
 + Level 0.6 Dodging
 + Level 2.0 Invocations


You couldn't memorise any spells.
You didn't know any spells.
Your spell library was empty.

Dungeon Overview and Level Annotations

Branches:
Dungeon (0/15)

Altars:


Innate Abilities, Weirdness & Mutations

You have hooves in place of feet.
Armour fits poorly on your strangely shaped body.
You cover ground very quickly.
You have extremely tough skin. (AC +3)
[Your body often deteriorates upon taking damage.]
[You are very frail. (-20% HP)]


Message History

The white imp is moderately wounded.
The white imp hits you but does no damage.
You barely miss the white imp. Your kick misses the white imp.
The white imp is moderately wounded.
The white imp hits you.
Your body deteriorates!
You feel weakened. The white imp freezes you.
You slash the white imp!
The white imp is almost dead.
The white imp gestures at you. The puff of frost hits you!
Ouch! That really hurt!
* * * LOW HITPOINT WARNING * * *
The white imp barely misses you.
You hit the white imp.
You kill the white imp!
You closely miss the small abomination.
The small abomination barely misses you.
The small abomination hits you.
You die...

# .# .# #.
##.# ##
###.. #.#
#...###. ♣♣
#.@##....♣♣
#..x#.#...♣
####*#.# .#
#.##.#
..#..#
#####.#P
##...#..#
#.....#.#
.#....#.#


You could see a wretched star and a small abomination.

Vanquished Creatures
  A white imp (Abyss:3)
1 creature vanquished.

Vanquished Creatures (others)
  2 starspawn tentacles (Abyss:3)
2 creatures vanquished.

Grand Total: 3 creatures vanquished

Notes
Turn   | Place    | Note
-------+----------+-------------------------------------------
     0 | Abyss:1  | Gargoyl the Centaur Abyssal Knight began the quest for the
                  | Orb.
     0 | Abyss:1  | Reached XP level 1. HP: 19/19 MP: 2/2
    61 | Abyss:2  | Noticed a quasit
    95 | Abyss:2  | Noticed a tentacled starspawn
   119 | Abyss:3  | Got a twisted leather armour
   130 | Abyss:3  | Identified the +1 leather armour "Ymiphape" {rC- Int-5
                  | Dex+10 Stlth+} (You found it on level 3 of the Abyss)
   197 | Abyss:3  | Noticed a quasit
   219 | Abyss:3  | Noticed an orange demon
   313 | Abyss:3  | Noticed a small abomination
   316 | Abyss:3  | Noticed a quasit
   318 | Abyss:3  | Noticed a tentacled starspawn
   331 | Abyss:3  | Noticed a small abomination
   337 | Abyss:3  | Noticed a wretched star
   366 | Abyss:3  | Slain by a small abomination

Illustrated notes

Levels and vault maps discovered:
Abyss:3:  hangedman_abyss_or_decor_slice, hangedman_abyss_stitches_cave,
          minivault_26, doesnt_abyss_rune_brain_food,
          hangedman_shadowy_showcase, nicolae_abyss_rune_left_handed,
          hangedman_abyss_theft, due_evilmike_abyss_rune_seething_liches

Action                   || total
-------------------------++-------
Melee: Hand axe          ||     7
Armor: Scale mail        ||     7
       Leather armour    ||     4
Dodge: Dodged            ||     9

Table legend:
 A = Non-vault XP
 B = Vault XP
 C = Vault XP percentage of total XP
 D = Non-vault monster count
 E = Vault monster count
 F = Vault count percentage of total count
                 A         B        C        D         E       F
            +---------+---------+-------+---------+---------+-------
      Total |      10 |       0 |   0.0 |       1 |       0 |   0.0
            +---------+---------+-------+---------+---------+-------
    Abyss:3 |      10 |       0 |   0.0 |       1 |       0 |   0.0
            +---------+---------+-------+---------+---------+-------
